 Dungeon Crawl Stone Soup version 0.22.0-16-gc6d26f6 (webtiles) character file.

128 Loudmushroom the Covered (level 4, -8/41 HPs)
             Began as a Minotaur Fighter on Aug 17, 2018.
             Mangled by an ogre
             ... wielding a +0 giant club
              (13 damage)
             ... on level 3 of the Dungeon.
             The game lasted 00:06:35 (2071 turns).

Loudmushroom the Covered (Minotaur Fighter)         Turns: 2071, Time: 00:06:36

Health: -8/41      AC:  9    Str: 21    XL:     4   Next: 86%
Magic:  3/3        EV:  5    Int:  5    God:
Gold:   101        SH:  9    Dex: 10    Spells: 3/3 levels left

rFire    . . .     SeeInvis .   a - +0 war axe
rCold    . . .     Gourm    .   c - +0 shield
rNeg     . . .     Faith    .   n - +0 chain mail
rPois    .         Spirit   .   (helmet restricted)
rElec    .         Reflect  .   (no cloak)
rCorr    .         Harm     .   (no gloves)
MR       .....                  (no boots)
Stlth    ..........             (no amulet)
HPRegen  0.13/turn              (no ring)
MPRegen  0.08/turn              (no ring)

@: no status effects
A: retaliatory headbutt, horns 2
a: no special abilities


You were on level 3 of the Dungeon.
You were not hungry.

You visited 1 branch of the dungeon, and saw 3 of its levels.

You collected 101 gold pieces.

Inventory:

Hand Weapons
 a - a +0 war axe (weapon)
Missiles
 e - 38 stones (quivered)
 g - 16 bolts
 l - 25 sling bullets
 q - 12 arrows
Armour
 c - a +0 shield (worn)
 n - a +0 chain mail (worn)
Scrolls
 b - a scroll of blinking {unknown}
 i - 2 scrolls of remove curse {unknown}
 k - a scroll of teleportation {unknown}
 o - 2 scrolls of fog {unknown}
Potions
 d - 2 potions of might
 h - a potion of haste {unknown}
 j - a potion of mutation {unknown}
 m - 2 potions of berserk rage {unknown}
Comestibles
 f - 3 rations
 p - 3 chunks of flesh


   Skills:
 + Level 4.4 Fighting
 * Level 4.3 Axes
 + Level 4.4 Armour
 + Level 4.4 Shields


You had 3 spell levels left.
You didn't know any spells.
Your spell library was empty.

Dungeon Overview and Level Annotations

Branches:
Dungeon (3/15)

Altars:
Makhleb
Ru


Innate Abilities, Weirdness & Mutations

You reflexively headbutt those who attack you in melee.
You have a pair of horns on your head.


Message History

You butcher the quokka corpse.
You butcher the bat corpse.
p - 2 chunks of flesh;
p - 3 chunks of flesh (gained 1)
You see here a quokka skeleton.
Things that are here:
a short sword; 12 arrows
q - 12 arrows You see here an enchanted mace.
An ogre comes into view. It is wielding a giant club.
The ogre shouts!
A hobgoblin comes into view.
The hobgoblin shouts!
The ogre hits you with a giant club!
You closely miss the ogre. The ogre hits you with a giant club!!
Ouch! That really hurt!
* * * LOW HITPOINT WARNING * * *
You barely miss the ogre. You headbutt the ogre!
The ogre is moderately wounded.
The ogre hits you with a giant club!
You die...

#+# #.# #.# ##.##
##...##
...#.##.....#
#...gO@...##
###.####...#######.
#...........
#...######## #.###
#.# #.# #.#
####.######


You could see an ogre and a hobgoblin.

Vanquished Creatures
  An orc priest (D:3)
  Terence (D:2)
  2 adders (D:2)
  An ooze (D:2)
  A worm (D:2)
  A dart slug (D:2)
  2 leopard geckos
  3 orcs (D:3)
  A ball python (D:1)
  2 giant cockroaches
  4 goblins
  6 hobgoblins
  A quokka (D:3)
  8 bats
  4 frilled lizards
  5 kobolds
  3 rats
46 creatures vanquished.

Notes
Turn   | Place    | Note
-------+----------+-------------------------------------------
     0 | D:1      | Loudmushroom the Minotaur Fighter began the quest for the Orb.
     0 | D:1      | Reached XP level 1. HP: 19/19 MP: 0/0
   443 | D:1      | Reached XP level 2. HP: 27/27 MP: 1/1
   977 | D:2      | Reached XP level 3. HP: 25/33 MP: 2/2
  1470 | D:2      | Noticed Terence
  1478 | D:2      | Killed Terence
  1478 | D:2      | Reached XP level 4. HP: 36/40 MP: 3/3
  1525 | D:2      | Found a sacrificial altar of Ru.
  1781 | D:2      | Found a burning altar of Makhleb.
  1781 | D:2      | Noticed a blizzard demon
  2066 | D:3      | Noticed an ogre
  2071 | D:3      | Mangled by an ogre

Skill      XL: |  1  2  3  4 |
---------------+-------------+-----
Axes           | 3 4 |  4.3
Fighting       | 4 |  4.4
Armour         | 4 |  4.4
Shields        | 4 |  4.4

Action                   |  1- 3 |  4- 6 || total
-------------------------+-------+-------++-------
Melee: War axe           |    73 |    32 ||   105
       Headbutt          |    11 |     5 ||    16
  Eat: Chunk             |     1 |     3 ||     4
Armor: Scale mail        |    13 |       ||    13
       Chain mail        |    21 |    37 ||    58
Dodge: Dodged            |    20 |    12 ||    32
Block: Shield            |    38 |    30 ||    68
